AoeStats
← Dikkebierbuik

Arena

506815383Analyzed
1v1 RM · 17d ago on Sep 15, 2026· 46m 11s· 2 players
Game mode
Random Map
Map size
Tiny (2 player)
Population
200
Speed
Normal
Resources
Standard
Victory
Conquest
Starting age
Dark Age
Ending age
Imperial Age
RankedLock teamsTeams togetherTeam positionsShared explorationLock speedFull tech treeHidden civsTurbo modeCheats
Victory
Defeat
🇳🇱 Tupi · Netherlands
618
+14
🇮🇳 Lithuanians · India
576
-14
Cortex
11:40 Feudal Age
9:56 Loom
17:18 Castle Age
15:58 Gold Mining
15:57 Double-Bit Axe
16:29 Horse Collar
20:37 Bow Saw
20:43 Bloodlines
20:43 Scale Barding Armor
27:59 Chain Barding Armor
28:33 Light Cavalry
31:08 Wheelbarrow
30:40 Heavy Plow
34:48 Hand Cart
38:07 Imperial Age
36:33 Scale Mail Armor
38:57 Chain Mail Armor
41:06 Cavalier
Dikkebierbuik
14:16 Feudal Age
15:43 Horse Collar
15:50 Double-Bit Axe
16:55 Stone Mining
19:29 Castle Age
17:23 Gold Mining
17:59 Loom
18:50 Wheelbarrow
18:43 Town Watch
22:05 Hand Cart
25:35 Padded Archer Armor
25:25 Fletching
26:29 Bow Saw
26:19 Heavy Plow
27:55 Gold Shaft Mining
28:24 Leather Archer Armor
32:40 Imperial Age
33:44 Elite Blackwood Archer
34:42 Curare
35:43 Chemistry
35:11 Ballistics
36:14 Ring Archer Armor
36:22 Bodkin Arrow
37:56 Two-Man Saw
37:46 Bracer
40:04 Town Patrol
44:10 Heated Shot
44:08 Arrowslits
44:13 Guard Tower
44:33 Careening
Connection lost

Rejoining the realm…

Still unreachable

The connection could not be restored.

Session expired

The server has moved on; the page needs a fresh start.